Sasquatch vs Senators
Created - 20 février 2014 at 19:03
Goals
|
| Sasquatch |
2 |
2 |
1 |
5 |
| Senators |
0 |
2 |
1 |
3 |
|
Shots
|
| Sasquatch |
14 |
12 |
9 |
35 |
| Senators |
18 |
13 |
10 |
41 |
|
1st period
1. Sasquatch , D.J King 30 (Jakub Voracek, Kevin Porter) at 5:38
2. Sasquatch , Jakub Voracek 26 (Kevin Porter, D.J King) at 19:26
Penalties :
No Penalty
2nd period
3. Senators , Gilbert Brule 37 (Niklas Hagman, Andrew Murray) at 5:09
4. Senators , Josh Hennessy 26 (Stanislav Chistov, Nikolai Kulemin) at 7:28
5. Sasquatch , Konstantin Pushkarev 13 (Yann Sauvé, Rostislav Klesla) at 13:23
6. Sasquatch , Kevin Porter 38 (Jakub Voracek, Chad Kilger) at 19:30 (PP)
Penalties :
Eric Tangradi (Gat) for Hooking (Minor) at 1:32, Vladimir Mihalik (BIN) for Hooking (Minor) at 9:22, Stanislav Chistov (BIN) for Hooking (Minor) at 19:16
3rd period
7. Sasquatch , D.J King 31 (Jakub Voracek, Chad Kilger) at 1:36
8. Senators , Gilbert Brule 38 (B.J. Crombeen, Niklas Hagman) at 11:41 (PP)
Penalties :
Milan Jurcina (BIN) for Tripping (Minor) at 4:45, Krys Kolanos (Gat) for Slashing (Minor) at 11:27, Andrew Gordon (Gat) for Slashing (Minor) at 12:46, Eric Tangradi (Gat) for Delaying the game (Minor) at 16:17
Goalie Stats
Cory Schneider (Gat), 38 saves from 41 shots - (0,927), W, 23-14-3, 60:00 minutes
Jason LaBarbera (BIN), 30 saves from 35 shots - (0,857), L, 2-1-0, 60:00 minutes
Players Stats for Sasquatch
Player Name G A P +/- PIM S H SB GA TA FO MP PP MP PK MP
------------------------------------------------------------------------------------
Andrew Gordon 0 0 0 0 2 4 1 1 2 0 0/0 11:03 0:33 0:00
Chad Kilger 0 2 2 -1 0 4 2 2 0 0 2/2 19:36 1:40 3:20
D.J King 2 1 3 3 0 5 2 0 0 0 1/2 21:50 1:44 2:21
David Desharnais 0 0 0 0 0 0 0 0 0 1 2/2 9:10 0:00 2:09
Derek Stepan 0 0 0 -1 0 1 0 0 0 0 8/14 15:57 1:16 0:00
Eric Tangradi 0 0 0 0 4 1 1 1 0 0 0/0 6:55 0:00 0:31
Jake Gardiner 0 0 0 1 0 1 2 5 0 0 0/0 26:45 1:31 2:31
Jakub Voracek 1 3 4 3 0 4 3 1 1 0 0/2 20:09 2:21 0:00
Keith Yandle 0 0 0 1 0 1 0 2 0 1 0/0 23:08 1:44 2:47
Kevin Porter 1 2 3 3 0 2 2 3 1 0 19/43 23:08 2:21 3:06
Kevin Shattenkirk 0 0 0 1 0 1 2 1 0 0 0/0 21:55 2:41 3:24
Konstantin Pushkarev 1 0 1 0 0 3 2 0 0 0 1/1 7:54 0:39 0:00
Krys Kolanos 0 0 0 0 2 1 1 0 1 0 7/10 10:45 0:00 0:34
Matt Beleskey 0 0 0 0 0 0 1 0 0 0 0/0 11:21 0:46 0:21
Matt Ellison 0 0 0 -1 0 4 3 1 1 0 0/1 15:57 1:16 0:00
Matt Niskanen 0 0 0 1 0 1 0 1 0 3 0/0 24:30 1:51 3:24
Rostislav Klesla 0 1 1 0 0 2 1 0 0 0 0/0 12:22 0:37 0:00
Yann Sauvé 0 1 1 0 0 0 0 1 0 0 0/0 11:20 0:00 0:16
Players Stats for Senators
Player Name G A P +/- PIM S H SB GA TA FO MP PP MP PK MP
------------------------------------------------------------------------------------
Andrew Murray 0 1 1 -2 0 1 0 2 1 1 2/9 12:20 0:11 1:16
B.J. Crombeen 0 1 1 1 0 3 0 0 0 0 3/4 21:27 3:07 1:36
Brett Sterling 0 0 0 -1 0 0 1 1 0 0 0/1 9:34 0:00 1:39
Cody Hodgson 0 0 0 -1 0 1 0 0 0 0 2/3 5:52 0:00 0:00
Erik Karlsson 0 0 0 2 0 0 0 1 0 0 0/0 18:21 2:15 1:57
Gilbert Brule 2 0 2 1 0 8 2 0 1 0 12/24 21:29 3:17 1:32
Jack Skille 0 0 0 -2 0 6 1 0 0 0 0/0 12:31 0:21 0:00
Josh Hennessy 1 0 1 0 0 1 0 1 1 0 12/28 17:23 2:43 0:21
Karl Alzner 0 0 0 -3 0 2 0 0 0 1 0/0 15:32 0:00 2:16
Logan Stephenson 0 0 0 -1 0 3 1 1 0 0 0/0 22:55 2:15 1:43
Milan Jurcina 0 0 0 2 2 3 0 2 0 1 0/0 22:34 3:56 1:17
Niklas Hagman 0 2 2 1 0 3 4 0 0 0 3/3 21:03 3:17 1:07
Nikolai Kulemin 0 1 1 0 0 3 1 0 1 0 0/1 18:07 2:43 0:53
Shane Sims 0 0 0 -3 0 0 1 2 0 1 0/0 13:36 0:00 0:15
Stanislav Chistov 0 1 1 0 2 4 1 1 0 0 1/2 17:05 2:43 0:00
Steven Goertzen 0 0 0 -1 0 0 0 0 0 0 1/1 8:22 0:11 0:00
Travis Moen 0 0 0 -2 0 2 1 0 1 1 1/1 10:18 0:00 0:00
Vladimir Mihalik 0 0 0 -1 2 1 2 2 0 1 0/0 27:16 3:56 0:56
3 Stars
1 - Jakub Voracek (Gat)
2 - D.J King (Gat)
3 - Kevin Porter (Gat)
Power Play
Sasquatch - 1 on 3 Attempt(s) - 33,33%
Senators - 1 on 4 Attempt(s) - 25,00%
Penalty Kill
Sasquatch - 3 on 4 Attempt(s) - 75,00%
- Score 0 goal in Penalty Kill
Senators - 2 on 3 Attempt(s) - 66,67%
- Score 0 goal in Penalty Kill
Official
Referees : Banfield David and Lee Chris
Linesman : Darren Gibbs and Pierre Racicot
Game Notes
Cody Hodgson is injured at 2:32 of 3rd period (Bruised Right Arm)
Finance
Level 1 -- Attendance: 1542 (77,10%) -- Ticket Income 53 970 $
Level 2 -- Attendance: 684 (68,40%) -- Ticket Income 10 260 $
Total Attendance: 2226 (74,20%)
Total Ticket Income: 64 230 $
Other Income: 3 212 $
Total Income: 67 442 $
Sasquatch
5 vs 5 Forward
Center Left Wing Right Wing Time % Phy DF OF
1 Kevin Porter D.J King Jakub Voracek 40 1 2 2
2 Derek Stepan Chad Kilger Matt Ellison 30 1 2 2
3 Krys Kolanos Matt Beleskey Andrew Gordon 20 1 2 2
4 David Desharnais Eric Tangradi Konstantin Pushkarev 10 1 2 2
5 vs 5 Defense
Defense Defense Time % Phy DF OF
1 Keith Yandle Jake Gardiner 40 1 2 2
2 Kevin Shattenkirk Matt Niskanen 30 1 2 2
3 Yann Sauvé Rostislav Klesla 20 1 2 2
4 Jake Gardiner Matt Niskanen 10 1 2 2
PowerPlay Forward
Center Left Wing Right Wing Time % Phy DF OF
1 Kevin Porter Chad Kilger Jakub Voracek 60 1 2 2
2 Derek Stepan D.J King Matt Ellison 40 1 2 2
PowerPlay Defense
Defense Defense Time % Phy DF OF
1 Kevin Shattenkirk Matt Niskanen 60 1 2 2
2 Keith Yandle Jake Gardiner 40 1 2 2
Penalty Kill 4 Players Forward
Center Wing Time % Phy DF OF
1 Kevin Porter Chad Kilger 60 1 2 2
2 David Desharnais D.J King 40 1 2 2
Penalty Kill 4 Players Defense
Defense Defense Time % Phy DF OF
1 Kevin Shattenkirk Matt Niskanen 60 1 2 2
2 Keith Yandle Jake Gardiner 40 1 2 2
Penalty Kill - 3 Players Forward
Forward Time % Phy DF OF
1 Kevin Porter 60 1 2 2
2 David Desharnais 40 1 2 2
Penalty Kill - 3 Players Defense
Defense Defense Time % Phy DF OF
1 Kevin Shattenkirk Matt Niskanen 60 1 2 2
2 Rostislav Klesla Jake Gardiner 40 1 2 2
4 vs 4 Forward
Center Wing Time % Phy DF OF
1 Kevin Porter Jakub Voracek 60 1 2 2
2 Krys Kolanos D.J King 40 1 2 2
4 vs 4 Defense
Defense Defense Time % Phy DF OF
1 Kevin Shattenkirk Matt Niskanen 60 1 2 2
2 Keith Yandle Jake Gardiner 40 1 2 2
Last Minutes Offensive
Center Left Wing Right Wing Defense Defense
Kevin Porter D.J King Jakub Voracek Keith Yandle Kevin Shattenkirk
Last Minutes Defensive
Center Left Wing Right Wing Defense Defense
Kevin Porter D.J King Andrew Gordon Jake Gardiner Matt Niskanen
Goaltenders
Starting : Cory Schneider
Backup : Anders Lindback
Extra Forwards
Normal : David Desharnais, Konstantin Pushkarev, Jakub Voracek - PP : Matt Beleskey, Konstantin Pushkarev - PK : Eric Tangradi
Extra Defensemen
Normal : Rostislav Klesla, Yann Sauvé, Jake Gardiner - PP : Matt Niskanen - PK : Yann Sauvé, Keith Yandle
Penalty Shots
Chad Kilger, Krys Kolanos, Matt Ellison, Konstantin Pushkarev, Kevin Porter
Senators
5 vs 5 Forward
Center Left Wing Right Wing Time % Phy DF OF
1 Gilbert Brule Niklas Hagman B.J. Crombeen 37 1 2 2
2 Josh Hennessy Nikolai Kulemin Stanislav Chistov 33 1 2 2
3 Andrew Murray Travis Moen Jack Skille 20 1 2 2
4 Cody Hodgson Brett Sterling Steven Goertzen 10 1 2 2
5 vs 5 Defense
Defense Defense Time % Phy DF OF
1 Vladimir Mihalik Logan Stephenson 40 1 2 2
2 Milan Jurcina Erik Karlsson 30 1 2 2
3 Karl Alzner Shane Sims 20 1 2 2
4 Vladimir Mihalik Milan Jurcina 10 1 2 2
PowerPlay Forward
Center Left Wing Right Wing Time % Phy DF OF
1 Gilbert Brule Niklas Hagman B.J. Crombeen 60 1 2 2
2 Josh Hennessy Nikolai Kulemin Stanislav Chistov 40 1 2 2
PowerPlay Defense
Defense Defense Time % Phy DF OF
1 Vladimir Mihalik Milan Jurcina 60 1 2 2
2 Logan Stephenson Erik Karlsson 40 1 2 2
Penalty Kill 4 Players Forward
Center Wing Time % Phy DF OF
1 B.J. Crombeen Gilbert Brule 60 1 2 2
2 Niklas Hagman Nikolai Kulemin 40 1 2 2
Penalty Kill 4 Players Defense
Defense Defense Time % Phy DF OF
1 Vladimir Mihalik Milan Jurcina 60 1 2 2
2 Logan Stephenson Erik Karlsson 40 1 2 2
Penalty Kill - 3 Players Forward
Forward Time % Phy DF OF
1 B.J. Crombeen 60 1 2 2
2 Gilbert Brule 40 1 2 2
Penalty Kill - 3 Players Defense
Defense Defense Time % Phy DF OF
1 Vladimir Mihalik Milan Jurcina 60 1 2 2
2 Logan Stephenson Erik Karlsson 40 1 2 2
4 vs 4 Forward
Center Wing Time % Phy DF OF
1 B.J. Crombeen Gilbert Brule 60 1 2 2
2 Niklas Hagman Nikolai Kulemin 40 1 2 2
4 vs 4 Defense
Defense Defense Time % Phy DF OF
1 Vladimir Mihalik Milan Jurcina 60 1 2 2
2 Logan Stephenson Erik Karlsson 40 1 2 2
Last Minutes Offensive
Center Left Wing Right Wing Defense Defense
Gilbert Brule Niklas Hagman B.J. Crombeen Milan Jurcina Vladimir Mihalik
Last Minutes Defensive
Center Left Wing Right Wing Defense Defense
Gilbert Brule Niklas Hagman B.J. Crombeen Milan Jurcina Vladimir Mihalik
Goaltenders
Starting : Jason LaBarbera
Backup : Jacob Markstrom
Extra Forwards
Normal : Jack Skille, Steven Goertzen, Brett Sterling - PP : Jack Skille, Steven Goertzen - PK : Brett Sterling
Extra Defensemen
Normal : Karl Alzner, Erik Karlsson, Vladimir Mihalik - PP : Karl Alzner - PK : Erik Karlsson, Vladimir Mihalik
Penalty Shots
B.J. Crombeen, Gilbert Brule, Niklas Hagman, Nikolai Kulemin, Stanislav Chistov
% Time on Ice - Sasquatch
Lines # - Real PCT - Wanted PCT - Time Play
Normal Forward
1 - 37% - 40% - 18:20
2 - 30% - 30% - 14:42
3 - 21% - 20% - 10:12
4 - 13% - 10% - 6:23
Normal Defense
1 - 38% - 40% - 19:00
2 - 31% - 30% - 15:27
3 - 22% - 20% - 11:01
4 - 8% - 10% - 4:09
PP Forward
1 - 61% - 60% - 2:33
2 - 39% - 40% - 1:39
PP Defense
1 - 64% - 60% - 2:41
2 - 36% - 40% - 1:31
PK Forward
1 - 87% - 60% - 5:23
2 - 13% - 40% - 0:48
PK Defense
1 - 59% - 60% - 3:40
2 - 41% - 40% - 2:31
PK3 Forward
1 - 0% - 60%
2 - 0% - 40%
PK3 Defense
1 - 0% - 60%
2 - 0% - 40%
44 Forward
1 - 0% - 60%
2 - 0% - 40%
44 Defense
1 - 0% - 60%
2 - 0% - 40%
Last Minute Offensive - 0:00
Last Minute Defensive - 0:00
Total
Forward - 60:00
Defense - 60:00
|
% Time on Ice - Senators
Lines # - Real PCT - Wanted PCT - Time Play
Normal Forward
1 - 35% - 37% - 17:32
2 - 30% - 33% - 15:01
3 - 20% - 20% - 10:05
4 - 14% - 10% - 6:59
Normal Defense
1 - 38% - 40% - 18:56
2 - 29% - 30% - 14:09
3 - 26% - 20% - 13:03
4 - 7% - 10% - 3:29
PP Forward
1 - 54% - 60% - 3:20
2 - 46% - 40% - 2:51
PP Defense
1 - 64% - 60% - 3:56
2 - 36% - 40% - 2:15
PK Forward
1 - 95% - 60% - 3:59
2 - 5% - 40% - 0:13
PK Defense
1 - 82% - 60% - 3:27
2 - 18% - 40% - 0:45
PK3 Forward
1 - 0% - 60%
2 - 0% - 40%
PK3 Defense
1 - 0% - 60%
2 - 0% - 40%
44 Forward
1 - 0% - 60%
2 - 0% - 40%
44 Defense
1 - 0% - 60%
2 - 0% - 40%
Last Minute Offensive - 0:00
Last Minute Defensive - 0:00
Total
Forward - 60:00
Defense - 60:00
|
Play by Play
1st period
0:01 of 1st period - Gilbert Brule wins face-off versus D.J King in neutral zone.
0:04 of 1st period - Snap shot by Niklas Hagman.
0:04 of 1st period - Deflect By B.J. Crombeen.
0:04 of 1st period - Shot Blocked by Jake Gardiner.
0:04 of 1st period - Puck is out of play.
0:05 of 1st period - Kevin Porter wins face-off versus Gilbert Brule in Sasquatch zone.
0:44 of 1st period - Snap shot by Gilbert Brule.
0:44 of 1st period - Shot Misses the Net.
0:50 of 1st period - Logan Stephenson is hit by Andrew Gordon and loses puck.
1:01 of 1st period - Snap shot by Gilbert Brule.
1:01 of 1st period - Stopped by Cory Schneider without a rebound.
1:02 of 1st period - Derek Stepan wins face-off versus Josh Hennessy in Sasquatch zone.
1:27 of 1st period - Milan Jurcina is hit by Kevin Porter and loses puck.
1:52 of 1st period - Backhand shot by Jakub Voracek.
1:52 of 1st period - Shot Blocked by Brett Sterling.
2:06 of 1st period - Slapshot by Konstantin Pushkarev.
2:06 of 1st period - Shot Misses the Net.
2:08 of 1st period - Wrist shot by Matt Niskanen.
2:08 of 1st period - Shot Misses the Net.
2:48 of 1st period - Shane Sims is hit by Chad Kilger and loses puck.
3:07 of 1st period - Wrist shot by Josh Hennessy.
3:07 of 1st period - Shot Misses the Net.
3:25 of 1st period - Wrist shot by Josh Hennessy.
3:25 of 1st period - Shot Blocked by Keith Yandle.
3:27 of 1st period - Slapshot by Shane Sims.
3:27 of 1st period - Deflect By Stanislav Chistov.
3:27 of 1st period - Shot Misses the Net.
3:27 of 1st period - Puck is out of play.
3:28 of 1st period - Derek Stepan wins face-off versus Andrew Murray in Sasquatch zone.
3:33 of 1st period - Slapshot by Travis Moen.
3:33 of 1st period - Stopped by Cory Schneider without a rebound.
3:34 of 1st period - Derek Stepan wins face-off versus Andrew Murray in Sasquatch zone.
3:39 of 1st period - Snap shot by Chad Kilger.
3:39 of 1st period - Shot Misses the Net.
3:59 of 1st period - Wrist shot by Krys Kolanos.
3:59 of 1st period - Shot Blocked by Andrew Murray.
4:01 of 1st period - Slapshot by Rostislav Klesla.
4:01 of 1st period - Stopped by Jason LaBarbera with a rebound.
4:03 of 1st period - Snap shot by Matt Beleskey.
4:03 of 1st period - Deflect By Krys Kolanos.
4:03 of 1st period - Shot Blocked by Erik Karlsson.
4:03 of 1st period - Puck is out of play.
4:04 of 1st period - Krys Kolanos wins face-off versus Gilbert Brule in Senators zone.
4:36 of 1st period - Icing by Niklas Hagman.
4:37 of 1st period - Kevin Porter wins face-off versus Gilbert Brule in Senators zone.
4:40 of 1st period - Snap shot by D.J King.
4:40 of 1st period - Deflect By Kevin Porter.
4:40 of 1st period - Shot Misses the Net.
4:40 of 1st period - Puck is out of play.
4:41 of 1st period - Kevin Porter wins face-off versus Cody Hodgson in Senators zone.
4:42 of 1st period - Snap shot by Jakub Voracek.
4:42 of 1st period - Stopped by Jason LaBarbera with a rebound.
4:44 of 1st period - Slapshot by Rostislav Klesla.
4:44 of 1st period - Deflect By Jakub Voracek.
4:44 of 1st period - Shot Misses the Net.
4:44 of 1st period - Puck is out of play.
4:45 of 1st period - Cody Hodgson wins face-off versus Kevin Porter in Senators zone.
5:03 of 1st period - Wrist shot by Jakub Voracek.
5:03 of 1st period - Shot Misses the Net.
5:05 of 1st period - Snap shot by D.J King.
5:05 of 1st period - Stopped by Jason LaBarbera without a rebound.
5:06 of 1st period - Gilbert Brule wins face-off versus Derek Stepan in Senators zone.
5:21 of 1st period - Logan Stephenson is hit by Chad Kilger and loses puck.
5:36 of 1st period - Wrist shot by Jakub Voracek.
5:36 of 1st period - Shot Misses the Net.
5:38 of 1st period - Snap shot by D.J King.
5:38 of 1st period - Goal by D.J King - Sasquatch : 1 - Senators : 0.
5:39 of 1st period - Josh Hennessy wins face-off versus Kevin Porter in neutral zone.
5:52 of 1st period - Snap shot by Stanislav Chistov.
5:52 of 1st period - Stopped by Cory Schneider without a rebound.
5:53 of 1st period - Chad Kilger wins face-off versus Gilbert Brule in Sasquatch zone.
5:53 of 1st period - Chad Kilger is hit by Niklas Hagman.
6:19 of 1st period - Vladimir Mihalik is hit by Eric Tangradi and loses puck.
6:26 of 1st period - Snap shot by Gilbert Brule.
6:26 of 1st period - Shot Misses the Net.
6:28 of 1st period - Wrist shot by Niklas Hagman.
6:28 of 1st period - Stopped by Cory Schneider without a rebound.
6:29 of 1st period - Travis Moen wins face-off versus Kevin Porter in Sasquatch zone.
6:32 of 1st period - Snap shot by Andrew Murray.
6:32 of 1st period - Deflect By Keith Yandle.
6:32 of 1st period - Stopped by Cory Schneider without a rebound.
6:33 of 1st period - Andrew Murray wins face-off versus Kevin Porter in Sasquatch zone.
6:46 of 1st period - Wrist shot by Andrew Murray.
6:46 of 1st period - Shot Misses the Net.
6:58 of 1st period - Jake Gardiner is hit by Vladimir Mihalik and loses puck.
7:03 of 1st period - Snap shot by Stanislav Chistov.
7:03 of 1st period - Shot Misses the Net.
7:23 of 1st period - Matt Beleskey is hit by Niklas Hagman and loses puck.
8:06 of 1st period - Wrist shot by Steven Goertzen.
8:06 of 1st period - Shot Misses the Net.
8:08 of 1st period - Slapshot by Cody Hodgson.
8:08 of 1st period - Stopped by Cory Schneider with a rebound.
8:10 of 1st period - Snap shot by Logan Stephenson.
8:10 of 1st period - Stopped by Cory Schneider without a rebound.
8:11 of 1st period - Kevin Porter wins face-off versus Josh Hennessy in Sasquatch zone.
8:26 of 1st period - Wrist shot by Nikolai Kulemin.
8:26 of 1st period - Stopped by Cory Schneider with a rebound.
9:26 of 1st period - Jake Gardiner is hit by Shane Sims and loses puck.
9:49 of 1st period - Snap shot by D.J King.
9:49 of 1st period - Shot Hit the Post.
10:07 of 1st period - Wrist shot by Jack Skille.
10:07 of 1st period - Stopped by Cory Schneider without a rebound.
10:08 of 1st period - Gilbert Brule wins face-off versus Derek Stepan in Sasquatch zone.
10:45 of 1st period - Wrist shot by Matt Ellison.
10:45 of 1st period - Stopped by Jason LaBarbera with a rebound.
10:47 of 1st period - Slapshot by Matt Ellison.
10:47 of 1st period - Stopped by Jason LaBarbera without a rebound.
10:48 of 1st period - Josh Hennessy wins face-off versus Kevin Porter in Senators zone.
10:48 of 1st period - Josh Hennessy is hit by Rostislav Klesla.
10:58 of 1st period - Snap shot by Josh Hennessy.
10:58 of 1st period - Deflect By Stanislav Chistov.
10:58 of 1st period - Stopped by Cory Schneider with a rebound.
11:33 of 1st period - Off-side.
11:34 of 1st period - David Desharnais wins face-off versus Andrew Murray in neutral zone.
11:39 of 1st period - Wrist shot by Konstantin Pushkarev.
11:39 of 1st period - Stopped by Jason LaBarbera without a rebound.
11:40 of 1st period - Kevin Porter wins face-off versus Josh Hennessy in Senators zone.
11:41 of 1st period - Snap shot by Jakub Voracek.
11:41 of 1st period - Shot Misses the Net.
11:44 of 1st period - Icing by Nikolai Kulemin.
11:45 of 1st period - Kevin Porter wins face-off versus Stanislav Chistov in Senators zone.
11:48 of 1st period - Snap shot by D.J King.
11:48 of 1st period - Stopped by Jason LaBarbera without a rebound.
11:49 of 1st period - Kevin Porter wins face-off versus Josh Hennessy in Senators zone.
11:52 of 1st period - Slapshot by Kevin Porter.
11:52 of 1st period - Deflect By Jakub Voracek.
11:52 of 1st period - Stopped by Jason LaBarbera with a rebound.
12:44 of 1st period - Slapshot by Kevin Porter.
12:44 of 1st period - Shot Misses the Net.
12:54 of 1st period - Snap shot by Stanislav Chistov.
12:54 of 1st period - Stopped by Cory Schneider without a rebound.
12:55 of 1st period - Derek Stepan wins face-off versus Gilbert Brule in Sasquatch zone.
13:34 of 1st period - Snap shot by Chad Kilger.
13:34 of 1st period - Stopped by Jason LaBarbera without a rebound.
13:35 of 1st period - Gilbert Brule wins face-off versus Krys Kolanos in Senators zone.
13:50 of 1st period - Wrist shot by Andrew Gordon.
13:50 of 1st period - Stopped by Jason LaBarbera with a rebound.
14:06 of 1st period - Slapshot by Jack Skille.
14:06 of 1st period - Stopped by Cory Schneider with a rebound.
14:08 of 1st period - Slapshot by Shane Sims.
14:08 of 1st period - Shot Misses the Net.
14:10 of 1st period - Snap shot by Karl Alzner.
14:10 of 1st period - Deflect By Rostislav Klesla.
14:10 of 1st period - Stopped by Cory Schneider without a rebound.
14:11 of 1st period - Niklas Hagman wins face-off versus Kevin Porter in Sasquatch zone.
15:18 of 1st period - Vladimir Mihalik is hit by Kevin Shattenkirk and loses puck.
15:36 of 1st period - Icing by Rostislav Klesla.
15:37 of 1st period - Gilbert Brule wins face-off versus Kevin Porter in Sasquatch zone.
15:48 of 1st period - Snap shot by Gilbert Brule.
15:48 of 1st period - Shot Misses the Net.
15:52 of 1st period - Snap shot by B.J. Crombeen.
15:52 of 1st period - Stopped by Cory Schneider with a rebound.
16:29 of 1st period - Slapshot by Keith Yandle.
16:29 of 1st period - Shot Blocked by Andrew Murray.
16:31 of 1st period - Slapshot by Jake Gardiner.
16:31 of 1st period - Stopped by Jason LaBarbera with a rebound.
16:36 of 1st period - Icing by Jack Skille.
16:37 of 1st period - Kevin Porter wins face-off versus Andrew Murray in Senators zone.
16:48 of 1st period - Wrist shot by Jack Skille.
16:48 of 1st period - Shot Blocked by Matt Niskanen.
16:50 of 1st period - Slapshot by Milan Jurcina.
16:50 of 1st period - Stopped by Cory Schneider with a rebound.
16:52 of 1st period - Wrist shot by Jack Skille.
16:52 of 1st period - Stopped by Cory Schneider with a rebound.
16:54 of 1st period - Snap shot by Jack Skille.
16:54 of 1st period - Stopped by Cory Schneider with a rebound.
16:56 of 1st period - Snap shot by Jack Skille.
16:56 of 1st period - Shot Blocked by Kevin Porter.
16:58 of 1st period - Slapshot by Andrew Murray.
16:58 of 1st period - Deflect By Travis Moen.
16:58 of 1st period - Shot Misses the Net.
16:58 of 1st period - Puck is out of play.
16:59 of 1st period - B.J. Crombeen wins face-off versus Derek Stepan in Sasquatch zone.
17:24 of 1st period - Josh Hennessy is hit by D.J King and loses puck.
17:30 of 1st period - Icing by Vladimir Mihalik.
17:31 of 1st period - Kevin Porter wins face-off versus Josh Hennessy in Senators zone.
17:38 of 1st period - Stanislav Chistov is hit by D.J King and loses puck.
18:07 of 1st period - Wrist shot by B.J. Crombeen.
18:07 of 1st period - Shot Blocked by Kevin Shattenkirk.
18:19 of 1st period - Wrist shot by Andrew Gordon.
18:19 of 1st period - Stopped by Jason LaBarbera without a rebound.
18:20 of 1st period - Krys Kolanos wins face-off versus Andrew Murray in Senators zone.
18:35 of 1st period - Karl Alzner is hit by Matt Beleskey.
19:14 of 1st period - Wrist shot by Jack Skille.
19:14 of 1st period - Stopped by Cory Schneider with a rebound.
19:26 of 1st period - Snap shot by Jakub Voracek.
19:26 of 1st period - Goal by Jakub Voracek - Sasquatch : 2 - Senators : 0.
19:27 of 1st period - Derek Stepan wins face-off versus Gilbert Brule in neutral zone.
19:52 of 1st period - Nikolai Kulemin is hit by Krys Kolanos.
Goals for this period are 2 for Sasquatch vs 0 for Senators.
Shots for this period are 14 for Sasquatch vs 18 for Senators.
2nd period
0:01 of 2nd period - Kevin Porter wins face-off versus Gilbert Brule in neutral zone.
1:22 of 2nd period - Slapshot by Jack Skille.
1:22 of 2nd period - Stopped by Cory Schneider with a rebound.
1:32 of 2nd period - Minor Penalty to Eric Tangradi for Hooking.
1:33 of 2nd period - Kevin Porter wins face-off versus Gilbert Brule in Sasquatch zone.
1:58 of 2nd period - Kevin Shattenkirk is hit by Vladimir Mihalik and loses puck.
3:32 of 2nd period - Penalty to Eric Tangradi is over, Eric Tangradi is back on ice.
3:39 of 2nd period - Matt Beleskey is hit by Jack Skille and loses puck.
3:59 of 2nd period - Karl Alzner is hit by Konstantin Pushkarev and loses puck.
4:05 of 2nd period - Icing by Steven Goertzen.
4:06 of 2nd period - Cody Hodgson wins face-off versus Kevin Porter in Senators zone.
4:55 of 2nd period - Wrist shot by Andrew Murray.
4:55 of 2nd period - Shot Misses the Net.
5:09 of 2nd period - Snap shot by Gilbert Brule.
5:09 of 2nd period - Goal by Gilbert Brule - Sasquatch : 2 - Senators : 1.
5:10 of 2nd period - Gilbert Brule wins face-off versus Kevin Porter in neutral zone.
5:21 of 2nd period - Wrist shot by Jakub Voracek.
5:21 of 2nd period - Stopped by Jason LaBarbera without a rebound.
5:22 of 2nd period - Niklas Hagman wins face-off versus Kevin Porter in Senators zone.
5:27 of 2nd period - B.J. Crombeen is hit by Jakub Voracek and loses puck.
5:48 of 2nd period - Stanislav Chistov is hit by Matt Ellison and loses puck.
5:53 of 2nd period - Wrist shot by Chad Kilger.
5:53 of 2nd period - Shot Blocked by Vladimir Mihalik.
5:55 of 2nd period - Slapshot by Matt Niskanen.
5:55 of 2nd period - Deflect By Matt Ellison.
5:55 of 2nd period - Stopped by Jason LaBarbera with a rebound.
6:19 of 2nd period - Backhand shot by Steven Goertzen.
6:19 of 2nd period - Shot Blocked by Andrew Gordon.
6:29 of 2nd period - Slapshot by Matt Niskanen.
6:29 of 2nd period - Shot Blocked by Milan Jurcina.
6:51 of 2nd period - Off-side.
6:52 of 2nd period - Gilbert Brule wins face-off versus Kevin Porter in neutral zone.
7:04 of 2nd period - Wrist shot by D.J King.
7:04 of 2nd period - Shot Misses the Net.
7:12 of 2nd period - Snap shot by Gilbert Brule.
7:12 of 2nd period - Stopped by Cory Schneider without a rebound.
7:13 of 2nd period - Stanislav Chistov wins face-off versus Matt Ellison in Sasquatch zone.
7:14 of 2nd period - Snap shot by Josh Hennessy.
7:14 of 2nd period - Shot Blocked by Yann Sauvé.
7:16 of 2nd period - Slapshot by Nikolai Kulemin.
7:16 of 2nd period - Shot Misses the Net.
7:18 of 2nd period - Snap shot by Josh Hennessy.
7:18 of 2nd period - Deflect By Stanislav Chistov.
7:18 of 2nd period - Shot Blocked by Matt Ellison.
7:18 of 2nd period - Puck is out of play.
7:19 of 2nd period - Josh Hennessy wins face-off versus Derek Stepan in Sasquatch zone.
7:24 of 2nd period - Wrist shot by Stanislav Chistov.
7:24 of 2nd period - Shot Misses the Net.
7:26 of 2nd period - Snap shot by Stanislav Chistov.
7:26 of 2nd period - Shot Blocked by Chad Kilger.
7:28 of 2nd period - Wrist shot by Josh Hennessy.
7:28 of 2nd period - Goal by Josh Hennessy - Sasquatch : 2 - Senators : 2.
7:29 of 2nd period - Gilbert Brule wins face-off versus Kevin Porter in neutral zone.
8:42 of 2nd period - Wrist shot by Gilbert Brule.
8:42 of 2nd period - Stopped by Cory Schneider with a rebound.
8:44 of 2nd period - Slapshot by Milan Jurcina.
8:44 of 2nd period - Shot Blocked by Eric Tangradi.
9:00 of 2nd period - Slapshot by Kevin Porter.
9:00 of 2nd period - Stopped by Jason LaBarbera without a rebound.
9:01 of 2nd period - Kevin Porter wins face-off versus Andrew Murray in Senators zone.
9:22 of 2nd period - Minor Penalty to Vladimir Mihalik for Hooking.
9:23 of 2nd period - B.J. Crombeen wins face-off versus Kevin Porter in Senators zone.
9:32 of 2nd period - Gilbert Brule is hit by Kevin Porter and loses puck.
11:22 of 2nd period - Penalty to Vladimir Mihalik is over, Vladimir Mihalik is back on ice.
11:30 of 2nd period - Snap shot by Krys Kolanos.
11:30 of 2nd period - Shot Misses the Net.
11:32 of 2nd period - Backhand shot by Andrew Gordon.
11:32 of 2nd period - Stopped by Jason LaBarbera with a rebound.
11:34 of 2nd period - Slapshot by Rostislav Klesla.
11:34 of 2nd period - Stopped by Jason LaBarbera without a rebound.
11:35 of 2nd period - Josh Hennessy wins face-off versus Krys Kolanos in Senators zone.
11:42 of 2nd period - Wrist shot by Andrew Gordon.
11:42 of 2nd period - Shot Blocked by Stanislav Chistov.
11:44 of 2nd period - Slapshot by Yann Sauvé.
11:44 of 2nd period - Shot Blocked by Josh Hennessy.
11:46 of 2nd period - Slapshot by Andrew Gordon.
11:46 of 2nd period - Stopped by Jason LaBarbera without a rebound.
11:47 of 2nd period - Krys Kolanos wins face-off versus Josh Hennessy in Senators zone.
11:48 of 2nd period - Wrist shot by Andrew Gordon.
11:48 of 2nd period - Deflect By Krys Kolanos.
11:48 of 2nd period - Shot Misses the Net.
11:48 of 2nd period - Puck is out of play.
11:49 of 2nd period - Krys Kolanos wins face-off versus Josh Hennessy in Senators zone.
12:00 of 2nd period - Slapshot by Kevin Shattenkirk.
12:00 of 2nd period - Shot Blocked by Milan Jurcina.
12:37 of 2nd period - Derek Stepan is hit by Travis Moen and loses puck.
12:42 of 2nd period - Wrist shot by Andrew Murray.
12:42 of 2nd period - Shot Misses the Net.
12:44 of 2nd period - Slapshot by Karl Alzner.
12:44 of 2nd period - Shot Blocked by Chad Kilger.
12:46 of 2nd period - Wrist shot by Travis Moen.
12:46 of 2nd period - Stopped by Cory Schneider with a rebound.
13:14 of 2nd period - Rostislav Klesla is hit by Brett Sterling and loses puck.
13:23 of 2nd period - Slapshot by Konstantin Pushkarev.
13:23 of 2nd period - Goal by Konstantin Pushkarev - Sasquatch : 3 - Senators : 2.
13:24 of 2nd period - Kevin Porter wins face-off versus Gilbert Brule in neutral zone.
13:36 of 2nd period - Snap shot by Gilbert Brule.
13:36 of 2nd period - Shot Blocked by Jakub Voracek.
13:41 of 2nd period - Off-side.
13:42 of 2nd period - Chad Kilger wins face-off versus Nikolai Kulemin in neutral zone.
14:07 of 2nd period - Kevin Porter is hit by Gilbert Brule and loses puck.
14:16 of 2nd period - Gilbert Brule is hit by Jakub Voracek and loses puck.
14:52 of 2nd period - Slapshot by Kevin Shattenkirk.
14:52 of 2nd period - Shot Blocked by Shane Sims.
15:15 of 2nd period - Wrist shot by Eric Tangradi.
15:15 of 2nd period - Stopped by Jason LaBarbera without a rebound.
15:16 of 2nd period - David Desharnais wins face-off versus Josh Hennessy in Senators zone.
15:25 of 2nd period - Snap shot by Nikolai Kulemin.
15:25 of 2nd period - Stopped by Cory Schneider without a rebound.
15:26 of 2nd period - Gilbert Brule wins face-off versus Jakub Voracek in Sasquatch zone.
15:31 of 2nd period - Wrist shot by Niklas Hagman.
15:31 of 2nd period - Shot Blocked by Kevin Porter.
15:33 of 2nd period - Snap shot by Logan Stephenson.
15:33 of 2nd period - Shot Blocked by Keith Yandle.
15:35 of 2nd period - Slapshot by Niklas Hagman.
15:35 of 2nd period - Deflect By Kevin Porter.
15:35 of 2nd period - Shot Blocked by Jake Gardiner.
15:35 of 2nd period - Puck is out of play.
15:36 of 2nd period - Kevin Porter wins face-off versus Gilbert Brule in Sasquatch zone.
15:45 of 2nd period - Slapshot by Keith Yandle.
15:45 of 2nd period - Shot Blocked by Logan Stephenson.
15:57 of 2nd period - Snap shot by Gilbert Brule.
15:57 of 2nd period - Shot Blocked by Kevin Porter.
15:59 of 2nd period - Slapshot by Logan Stephenson.
15:59 of 2nd period - Deflect By Keith Yandle.
15:59 of 2nd period - Stopped by Cory Schneider with a rebound.
16:01 of 2nd period - Slapshot by Erik Karlsson.
16:01 of 2nd period - Shot Blocked by Jake Gardiner.
16:03 of 2nd period - Slapshot by Erik Karlsson.
16:03 of 2nd period - Deflect By B.J. Crombeen.
16:03 of 2nd period - Stopped by Cory Schneider with a rebound.
16:05 of 2nd period - Wrist shot by Niklas Hagman.
16:05 of 2nd period - Shot Blocked by Jake Gardiner.
16:07 of 2nd period - Snap shot by B.J. Crombeen.
16:07 of 2nd period - Shot Misses the Net.
16:09 of 2nd period - Wrist shot by Gilbert Brule.
16:09 of 2nd period - Stopped by Cory Schneider with a rebound.
16:39 of 2nd period - Wrist shot by Niklas Hagman.
16:39 of 2nd period - Stopped by Cory Schneider with a rebound.
16:41 of 2nd period - Slapshot by Karl Alzner.
16:41 of 2nd period - Stopped by Cory Schneider with a rebound.
16:57 of 2nd period - Wrist shot by B.J. Crombeen.
16:57 of 2nd period - Deflect By D.J King.
16:57 of 2nd period - Shot Misses the Net.
16:57 of 2nd period - Puck is out of play.
16:58 of 2nd period - Derek Stepan wins face-off versus Josh Hennessy in Sasquatch zone.
17:11 of 2nd period - Wrist shot by Derek Stepan.
17:11 of 2nd period - Stopped by Jason LaBarbera with a rebound.
17:13 of 2nd period - Snap shot by Matt Niskanen.
17:13 of 2nd period - Shot Blocked by Vladimir Mihalik.
17:23 of 2nd period - Vladimir Mihalik is hit by Konstantin Pushkarev and loses puck.
17:30 of 2nd period - Matt Niskanen is hit by Nikolai Kulemin and loses puck.
17:40 of 2nd period - Icing by David Desharnais.
17:41 of 2nd period - Konstantin Pushkarev wins face-off versus Andrew Murray in Sasquatch zone.
18:24 of 2nd period - Wrist shot by Milan Jurcina.
18:24 of 2nd period - Stopped by Cory Schneider with a rebound.
19:16 of 2nd period - Minor Penalty to Stanislav Chistov for Hooking.
19:17 of 2nd period - B.J. Crombeen wins face-off versus Kevin Porter in Senators zone.
19:26 of 2nd period - Wrist shot by Kevin Shattenkirk.
19:26 of 2nd period - Stopped by Jason LaBarbera with a rebound.
19:28 of 2nd period - Wrist shot by Chad Kilger.
19:28 of 2nd period - Stopped by Jason LaBarbera with a rebound.
19:30 of 2nd period - Wrist shot by Jakub Voracek.
19:30 of 2nd period - Deflect By Kevin Porter.
19:30 of 2nd period - Goal by Kevin Porter - Sasquatch : 4 - Senators : 2.
19:31 of 2nd period - Josh Hennessy wins face-off versus Kevin Porter in neutral zone.
19:34 of 2nd period - Jakub Voracek is hit by Logan Stephenson and loses puck.
Goals for this period are 2 for Sasquatch vs 2 for Senators.
Shots for this period are 12 for Sasquatch vs 13 for Senators.
3rd period
0:01 of 3rd period - Gilbert Brule wins face-off versus Kevin Porter in neutral zone.
0:37 of 3rd period - Snap shot by Nikolai Kulemin.
0:37 of 3rd period - Shot Blocked by Jake Gardiner.
0:39 of 3rd period - Backhand shot by Logan Stephenson.
0:39 of 3rd period - Stopped by Cory Schneider with a rebound.
1:08 of 3rd period - Icing by Jake Gardiner.
1:09 of 3rd period - Andrew Murray wins face-off versus Derek Stepan in Sasquatch zone.
1:24 of 3rd period - Wrist shot by Gilbert Brule.
1:24 of 3rd period - Stopped by Cory Schneider with a rebound.
1:36 of 3rd period - Snap shot by Jakub Voracek.
1:36 of 3rd period - Deflect By D.J King.
1:36 of 3rd period - Goal by D.J King - Sasquatch : 5 - Senators : 2.
1:37 of 3rd period - Josh Hennessy wins face-off versus Kevin Porter in neutral zone.
1:39 of 3rd period - Off-side.
1:40 of 3rd period - D.J King wins face-off versus Josh Hennessy in neutral zone.
1:40 of 3rd period - Jakub Voracek is hit by Stanislav Chistov and loses puck.
2:25 of 3rd period - Snap shot by Steven Goertzen.
2:25 of 3rd period - Shot Misses the Net.
2:31 of 3rd period - Cody Hodgson is hit by Kevin Shattenkirk and loses puck.
2:32 of 3rd period - Cody Hodgson from Senators is injured at 2:32 of 3rd period (Bruised Right Arm).
2:33 of 3rd period - Kevin Porter wins face-off versus B.J. Crombeen in Senators zone.
2:42 of 3rd period - Snap shot by Gilbert Brule.
2:42 of 3rd period - Stopped by Cory Schneider with a rebound.
2:44 of 3rd period - Slapshot by Vladimir Mihalik.
2:44 of 3rd period - Stopped by Cory Schneider without a rebound.
2:45 of 3rd period - Kevin Porter wins face-off versus Josh Hennessy in Sasquatch zone.
2:58 of 3rd period - Snap shot by D.J King.
2:58 of 3rd period - Deflect By Jakub Voracek.
2:58 of 3rd period - Shot Misses the Net.
2:58 of 3rd period - Puck is out of play.
2:59 of 3rd period - Niklas Hagman wins face-off versus Derek Stepan in Senators zone.
3:04 of 3rd period - Wrist shot by Niklas Hagman.
3:04 of 3rd period - Stopped by Cory Schneider without a rebound.
3:05 of 3rd period - Derek Stepan wins face-off versus Gilbert Brule in Sasquatch zone.
3:31 of 3rd period - Chad Kilger is hit by Niklas Hagman.
3:45 of 3rd period - B.J. Crombeen is hit by Matt Ellison and loses puck.
4:39 of 3rd period - Wrist shot by Chad Kilger.
4:39 of 3rd period - Stopped by Jason LaBarbera without a rebound.
4:40 of 3rd period - Kevin Porter wins face-off versus Josh Hennessy in Senators zone.
4:43 of 3rd period - Slapshot by D.J King.
4:43 of 3rd period - Stopped by Jason LaBarbera with a rebound.
4:45 of 3rd period - Minor Penalty to Milan Jurcina for Tripping.
4:46 of 3rd period - Kevin Porter wins face-off versus Brett Sterling in Senators zone.
4:47 of 3rd period - Slapshot by Jakub Voracek.
4:47 of 3rd period - Shot Misses the Net.
5:38 of 3rd period - Karl Alzner is hit by Jake Gardiner.
6:45 of 3rd period - Penalty to Milan Jurcina is over, Milan Jurcina is back on ice.
7:38 of 3rd period - Icing by Stanislav Chistov.
7:39 of 3rd period - Derek Stepan wins face-off versus Gilbert Brule in Senators zone.
7:42 of 3rd period - Slapshot by Chad Kilger.
7:42 of 3rd period - Stopped by Jason LaBarbera with a rebound.
7:44 of 3rd period - Slapshot by Keith Yandle.
7:44 of 3rd period - Deflect By Erik Karlsson.
7:44 of 3rd period - Stopped by Jason LaBarbera with a rebound.
7:46 of 3rd period - Wrist shot by Chad Kilger.
7:46 of 3rd period - Shot Misses the Net.
7:56 of 3rd period - Slapshot by Milan Jurcina.
7:56 of 3rd period - Stopped by Cory Schneider without a rebound.
7:57 of 3rd period - Josh Hennessy wins face-off versus Kevin Porter in Sasquatch zone.
8:04 of 3rd period - Snap shot by Nikolai Kulemin.
8:04 of 3rd period - Stopped by Cory Schneider without a rebound.
8:05 of 3rd period - Josh Hennessy wins face-off versus Kevin Porter in Sasquatch zone.
8:55 of 3rd period - Jack Skille is hit by Jake Gardiner and loses puck.
9:06 of 3rd period - Snap shot by Keith Yandle.
9:06 of 3rd period - Deflect By Matt Ellison.
9:06 of 3rd period - Stopped by Jason LaBarbera without a rebound.
9:07 of 3rd period - Josh Hennessy wins face-off versus Kevin Porter in Senators zone.
9:33 of 3rd period - Milan Jurcina is hit by Matt Ellison and loses puck.
10:03 of 3rd period - Snap shot by Andrew Gordon.
10:03 of 3rd period - Deflect By Krys Kolanos.
10:03 of 3rd period - Shot Misses the Net.
10:03 of 3rd period - Puck is out of play.
10:04 of 3rd period - Josh Hennessy wins face-off versus Kevin Porter in Senators zone.
10:17 of 3rd period - Wrist shot by Nikolai Kulemin.
10:17 of 3rd period - Shot Misses the Net.
10:19 of 3rd period - Backhand shot by Stanislav Chistov.
10:19 of 3rd period - Shot Misses the Net.
10:51 of 3rd period - Derek Stepan is hit by Gilbert Brule and loses puck.
11:00 of 3rd period - Snap shot by B.J. Crombeen.
11:00 of 3rd period - Stopped by Cory Schneider without a rebound.
11:01 of 3rd period - Krys Kolanos wins face-off versus Josh Hennessy in Sasquatch zone.
11:08 of 3rd period - Slapshot by Krys Kolanos.
11:08 of 3rd period - Shot Blocked by Shane Sims.
11:10 of 3rd period - Slapshot by Matt Niskanen.
11:10 of 3rd period - Stopped by Jason LaBarbera without a rebound.
11:11 of 3rd period - Krys Kolanos wins face-off versus Josh Hennessy in Senators zone.
11:27 of 3rd period - Minor Penalty to Krys Kolanos for Slashing.
11:28 of 3rd period - Gilbert Brule wins face-off versus Kevin Porter in Sasquatch zone.
11:35 of 3rd period - Wrist shot by Gilbert Brule.
11:35 of 3rd period - Shot Misses the Net.
11:41 of 3rd period - Slapshot by Gilbert Brule.
11:41 of 3rd period - Goal by Gilbert Brule - Sasquatch : 5 - Senators : 3.
11:42 of 3rd period - Josh Hennessy wins face-off versus Kevin Porter in neutral zone.
11:45 of 3rd period - Wrist shot by Nikolai Kulemin.
11:45 of 3rd period - Deflect By Josh Hennessy.
11:45 of 3rd period - Shot Misses the Net.
11:45 of 3rd period - Puck is out of play.
11:46 of 3rd period - Josh Hennessy wins face-off versus Jakub Voracek in Sasquatch zone.
11:51 of 3rd period - Snap shot by Stanislav Chistov.
11:51 of 3rd period - Stopped by Cory Schneider with a rebound.
12:46 of 3rd period - Minor Penalty to Andrew Gordon for Slashing.
12:47 of 3rd period - Gilbert Brule wins face-off versus Kevin Porter in Sasquatch zone.
13:18 of 3rd period - Kevin Porter is hit by Niklas Hagman and loses puck.
13:59 of 3rd period - Wrist shot by Milan Jurcina.
13:59 of 3rd period - Shot Misses the Net.
14:46 of 3rd period - Penalty to Andrew Gordon is over, Andrew Gordon is back on ice.
15:30 of 3rd period - Slapshot by Krys Kolanos.
15:30 of 3rd period - Stopped by Jason LaBarbera without a rebound.
15:31 of 3rd period - Steven Goertzen wins face-off versus Krys Kolanos in Senators zone.
16:17 of 3rd period - Minor Penalty to Eric Tangradi for Delaying the game.
16:18 of 3rd period - Kevin Porter wins face-off versus Josh Hennessy in Sasquatch zone.
18:17 of 3rd period - Penalty to Eric Tangradi is over, Eric Tangradi is back on ice.
18:30 of 3rd period - Snap shot by Matt Ellison.
18:30 of 3rd period - Shot Misses the Net.
18:32 of 3rd period - Snap shot by Konstantin Pushkarev.
18:32 of 3rd period - Stopped by Jason LaBarbera without a rebound.
18:33 of 3rd period - Krys Kolanos wins face-off versus Josh Hennessy in Senators zone.
18:52 of 3rd period - B.J. Crombeen is hit by Jakub Voracek and loses puck.
Goals for this period are 1 for Sasquatch vs 1 for Senators.
Shots for this period are 9 for Sasquatch vs 10 for Senators.
Output by the SimonT Hockey Simulator (STHS) for François Prévost -- Original Page W3C XHTML 1.0 Valid